 Dungeon Sprint DCSS version 0.30-a0-1161-g0704695555 (webtiles) character file.

Game seed: 9542480344502605228

131 123456 the Trooper (level 4, -1/48 HPs)
             Began as a Minotaur Fighter on Apr 27, 2023.
             Was an Initiate of Gozag.
             Slain by a vampire (7 damage)
             ... in the Dungeon (Sprint IX: "|||||||||||||||||||||||||||||").
             The game lasted 00:00:31 (188 turns).

123456 the Trooper (Minotaur Fighter)                Turns: 188, Time: 00:00:31

Health: -1/48      AC: 11    Str: 23    XL:     4   Next: 91%
Magic:  3/3        EV: 11    Int:  8    God:    Gozag
Gold:   0          SH:  4    Dex: 12    Spells: 3/3 levels left

rFire   . . .        n - +2 morningstar (heavy)
rCold   . . .        c - +0 buckler
rNeg    . . .        p - +1 scale mail
rPois   .            (helmet restricted)
rElec   .            a - +0 cloak
rCorr   .            (no gloves)
SInv    .            o - +0 pair of boots
Will    .....        (no amulet) Stlth
                     q - +3 ring of intelligence
HPRegen 0.28/turn    r - +3 ring of strength
MPRegen 0.08/turn

%: no teleportation
@: no status effects
A: horns 2, retaliatory headbutt
a: Renounce Religion, Potion Petition, Call Merchant, Bribe Branch


You were in the Dungeon.
You worshipped Gozag.
Gozag was noncommittal.
You visited 1 branch

Inventory:

Hand Weapons
 n - a +2 heavy morningstar (weapon)
Armour
 a - a +0 cloak (worn)
 b - a +0 scale mail
 c - a +0 buckler (worn)
 o - a +0 pair of boots (worn)
 p - a +1 scale mail (worn)
Jewellery
 q - a +3 ring of intelligence (left hand)
 r - a +3 ring of strength (right hand)
Wands
 m - a wand of quicksilver (10)
Scrolls
 j - 2 scrolls of blinking
 l - 2 scrolls of amnesia
Potions
 d - a potion of might
 e - 5 potions of curing
 f - 3 potions of heal wounds
 g - a potion of haste
 h - 4 potions of magic
 i - a potion of berserk rage
 k - a potion of invisibility


   Skills:
 * Level 7.6 Fighting
 * Level 7.2 Maces & Flails
 + Level 5.9 Armour
 + Level 4.1 Dodging
 - Level 3.6 Shields


You had 3 spell levels left.
You didn't know any spells.
Your spell library was empty.

Dungeon Overview and Level Annotations

Branches:
Dungeon (1/1)

Altars:
Cheibriados
Dithmenos
Elyvilon
Fedhas
Gozag
Hepliaklqana
Kikubaaqudgha
Makhleb
Nemelex Xobeh
Okawaru
Qazlal
Ru
Sif Muna
Trog
Uskayaw
Vehumet
Wu Jian
Xom
Yredelemnul
Zin
The Shining One
Jiyva
Lugonu


Innate Abilities, Weirdness & Mutations

You have a pair of horns on your head.
You reflexively headbutt those who attack you in melee.


Message History

You start putting on your armour.
You continue putting on your +0 pair of boots. x4
You finish putting on your +0 pair of boots.
You open the door.
An acid dragon, a howler monkey, 3 wraiths and a vampire come into view.
The acid dragon roars!
The howler monkey howls!
The vampire gestures wildly while chanting.
The vampire flickers and vanishes!
Deactivating autopickup; reactivate with Ctrl-A.
Unknown command.
Something hits you. You block something's attack.
There is an open door to the Dungeon here.
You hit something. Something hits you. You block something's attack.
Something hits you. Something bites you!
Something draws strength from your injuries!
You barely miss something.
The howler monkey hoots and howls with incredible vigour!
Something hits you but does no damage. Something bites you but does no damage.
Something hits you. Something bites you!
Something draws strength from your injuries!
You hit something. Something hits you. Something bites you.
* * * LOW HITPOINT WARNING * * *
Something draws strength from your injuries!
The howler monkey hoots and howls with incredible vigour!
You hear an angry buzzing noise.
You closely miss something. Something hits you.
* * * LOW HITPOINT WARNING * * *
Something bites you but does no damage. Something hits you but does no damage.
Something bites you.
* * * LOW HITPOINT WARNING * * *
Something draws strength from your injuries!
You miss something. Your headbutt misses something.
Something hits you but does no damage. Something bites you.
* * * LOW HITPOINT WARNING * * *
Something draws strength from your injuries!
Something barely misses you. Something bites you but does no damage.
Unknown command.
You bludgeon something!! You headbutt something. Something hits you!
You die...
Your body crumbles into a pile of gold.

▓+▓
▓D▓
$
▓h▓
$
▓W▓
$ $
▓W▓
$
▓W▓
$
▓{▓
▓@▓
$ $
▓.▓
▓.▓
$
▓.▓
▓.▓
$
▓.▓
▓.▓
$
▓)▓
$
▓.▓
$


You could see 3 wraiths, an acid dragon and a howler monkey.

Vanquished Creatures
  A scorpion (D)
  2 hounds (D)
  An adder (D)
  An orc (D)
  2 goblins (D)
  A kobold (D)
  A quokka (D)
  A ball python (D)
10 creatures vanquished.

Notes
Turn   | Place    | Note
-------+----------+-------------------------------------------
     0 | D        | 123456 the Minotaur Fighter began the quest for the Orb.
     0 | D        | Reached XP level 1. HP: 19/19 MP: 0/0
    10 | D        | Reached skill level 1 in Dodging
    19 | D        | Noticed a scorpion
    19 | D        | Noticed a hound
    19 | D        | Noticed a hound
    25 | D        | Killed a hound
    26 | D        | Reached skill level 5 in Fighting
    26 | D        | Reached skill level 5 in Maces & Flails
    26 | D        | Reached XP level 2. HP: 22/30 MP: 1/1
    26 | D        | Reached XP level 3. HP: 28/37 MP: 2/2
    35 | D        | Reached skill level 5 in Armour
    35 | D        | Reached XP level 4. HP: 29/45 MP: 3/3
    40 | D        | Killed a scorpion
   106 | D        | Found a snail-covered altar of Cheibriados.
   106 | D        | Found a shadowy altar of Dithmenos.
   106 | D        | Found a white marble altar of Elyvilon.
   106 | D        | Found a blossoming altar of Fedhas.
   106 | D        | Found an opulent altar of Gozag.
   107 | D        | Found a hazy altar of Hepliaklqana.
   108 | D        | Found a viscous altar of Jiyva.
   109 | D        | Found an ancient bone altar of Kikubaaqudgha.
   110 | D        | Found a corrupted altar of Lugonu.
   111 | D        | Found a burning altar of Makhleb.
   112 | D        | Found a sparkling altar of Nemelex Xobeh.
   113 | D        | Found an iron altar of Okawaru.
   114 | D        | Became a worshipper of Gozag Ym Sagoz the Greedy
   119 | D        | Found a stormy altar of Qazlal.
   120 | D        | Found a sacrificial altar of Ru.
   121 | D        | Found a shimmering blue altar of Sif Muna.
   122 | D        | Found a bloodstained altar of Trog.
   123 | D        | Found a hide-covered altar of Uskayaw.
   124 | D        | Found a radiant altar of Vehumet.
   125 | D        | Found an ornate altar of the Wu Jian Council.
   126 | D        | Found a shimmering altar of Xom.
   127 | D        | Found a basalt altar of Yredelemnul.
   128 | D        | Found a glowing silver altar of Zin.
   129 | D        | Found a glowing golden altar of the Shining One.
   181 | D        | Noticed an acid dragon
   181 | D        | Noticed a wraith
   181 | D        | Noticed a wraith
   181 | D        | Noticed a wraith
   181 | D        | Noticed a vampire
   188 | D        | Slain by a vampire

Illustrated notes

Levels and vault maps discovered:
D:        linesprint [early_d, line_temple, items_1, d_10, items_2, lair_1,
          lair_end, items_3, orc_1, orc_end, items_4, d_15, swamp_1, shoals_1,
          snake_1, spider_1, d_20, vaults_1, items_5, swamp_end, shoals_end,
          snake_end, spider_end, vaults_end, d_27, items_6, zot_1, zot_end,
          crypt_end, forest_end, elf_end, slime_end, tomb_end, abyss_end,
          pan_hell_end]

Skill      XL: |  1  2  3  4 |
---------------+-------------+-----
Fighting       | 5 6 7 |  7.6
Maces & Flails | 5 6 7 |  7.2
Dodging        | 2 3 4 |  4.1
Armour         | 4 5 |  5.9
Shields        | |  3.6

Action                     |  1- 3 |  4- 6 || total
---------------------------+-------+-------++-------
  Melee: Flail             |    24 |     6 ||    30
         Headbutt          |     1 |     2 ||     3
         Morningstar       |       |     6 ||     6
 Armour: Scale mail        |     9 |     7 ||    16
  Dodge: Dodged            |    10 |     2 ||    12
  Block: Buckler           |     4 |     4 ||     8

Table legend: (Time is in decaauts)
 A = Elapsed time spent in this place.
 B = Non-inter-level travel time spent in this place.
 C = Inter-level travel time spent in this place.
 D = Time resting spent in this place.
 E = Time spent auto-exploring this place.
 F = Levels seen in this place.
 G = Mean time per level.
                   A        B        C        D        E       F      G
               +--------+--------+--------+--------+--------+-----+--------+
         Total |    196 |    196 |      0 |     59 |     13 |   1 |  196.0 |
       Dungeon |    196 |    196 |      0 |     59 |     13 |   1 |  196.0 |
               +--------+--------+--------+--------+--------+-----+--------+

Top non-repeatable levels by time:
       D: 196 daAuts
